 Dungeon Crawl Stone Soup version 0.24.0-13-gcf9b319 (webtiles) character file.

Game seed: 1423382810491511175, levelgen mode: deterministic

706 zazu2006 the Grave Robber (level 7, -2/57 HPs)
             Began as a Deep Dwarf Necromancer on Nov 10, 2019.
             Slain by a gnoll
             ... wielding a +0 spear
              (5 damage)
             ... on level 5 of the Dungeon.
             The game lasted 00:08:24 (4142 turns).

zazu2006 the Grave Robber (Deep Dwarf Necromancer)  Turns: 4142, Time: 00:08:24

Health: -2/57      AC:  6    Str: 12    XL:     7   Next: 39%
Magic:  4/13       EV: 13    Int: 17    God:
Gold:   201        SH:  0    Dex: 13    Spells: 10/14 levels left

rFire    . . .     SeeInvis .   j - +0 falchion
rCold    . . .     Gourm    .   (no shield)
rNeg     + . .     Faith    .   m - +0 leather armour
rPois    .         Spirit   .   y - +2 helmet
rElec    .         Reflect  .   (no cloak)
rCorr    .         Harm     .   (no gloves)
MR       +....                  (no boots)
Stlth    +++.......             (no amulet)
HPRegen  0.00/turn              g - ring of positive energy
MPRegen  0.13/turn              (no ring)

@: non-regenerating
A: damage resistance, heal wounds, sense surroundings 1, no regeneration
a: Heal Wounds


You were on level 5 of the Dungeon.
You were not hungry.

You visited 1 branch of the dungeon, and saw 5 of its levels.

You collected 201 gold pieces.

Inventory:

Hand Weapons
 j - a +0 falchion (weapon)
Armour
 m - a +0 leather armour (worn)
 y - a +2 helmet (worn)
Magical Staves
 u - an uncursed staff of conjuration
Jewellery
 g - a ring of positive energy (left hand)
Wands
 p - a wand of paralysis (3)
Scrolls
 d - 3 scrolls of remove curse {unknown}
 e - 2 scrolls of fear {unknown}
 f - 3 scrolls of fog {unknown}
 i - 6 scrolls of teleportation {unknown}
 k - a scroll of blinking {unknown}
 l - a scroll of enchant armour {unknown}
 q - 2 scrolls of random uselessness {unknown}
 t - a scroll of amnesia {unknown}
 v - 3 scrolls of identify {unknown}
 w - 2 scrolls of enchant weapon {unknown}
 x - a scroll of immolation {unknown}
Potions
 b - 4 potions of haste {unknown}
 h - a potion of agility {unknown}
 n - a potion of curing {unknown}
 o - a potion of might {unknown}
 r - a potion of mutation {unknown}
 s - a potion of heal wounds {unknown}
 z - a potion of degeneration {unknown}
Comestibles
 a - 3 chunks of flesh
 c - 7 rations


   Skills:
 + Level 1.1 Fighting
 + Level 1.7 Armour
 + Level 3.3 Dodging
 + Level 5.7 Stealth
 + Level 4.1 Spellcasting
 + Level 6.4 Necromancy
 + Level 0.5 Evocations


You had 10 spell levels left.
You knew the following spells:

 Your Spells              Type           Power        Failure   Level  Hunger
a - Pain                  Necr           ####         1%          1    None
b - Vampiric Draining     Necr           ####......   4%          3    ###....

Your spell library contained the following spells:

 Spells                   Type           Power        Failure   Level  Hunger
 Animate Skeleton         Necr           N/A          1%          1    None
 Animate Dead             Necr           N/A          14%         4    ####...
 Regeneration             Chrm/Necr      Unusable     N/A         3    N/A

Dungeon Overview and Level Annotations

Branches:
Dungeon (5/15)
 Temple: D:4-7

Altars:
Gozag
Makhleb
Ru

Shops:
D:4 [


Innate Abilities, Weirdness & Mutations

You are resistant to damage.
You can heal yourself by infusing magical energy.
You passively map a small area around you.
You do not regenerate.


Message History

You barely miss the gnoll.
The gnoll hits you from afar with a +0 halberd!
The gnoll misses you.
You barely miss the gnoll.
The gnoll hits you from afar with a +0 halberd!
* * * LOW HITPOINT WARNING * * *
The gnoll hits you but does no damage.
You hit the gnoll but do no damage.
The gnoll hits you from afar with a +0 halberd!
* * * LOW HITPOINT WARNING * * *
The gnoll hits you with a +0 spear.
* * * LOW HITPOINT WARNING * * *
The gnoll hits you with a +0 spear.
* * * LOW HITPOINT WARNING * * *
The gnoll barely misses you. The gnoll misses you.
Found 17 gold pieces.
There is a stone staircase leading up here.
The gnoll hits you from afar with a +0 spear!
You die...

, ** * * , #.#, #.
#.##.# #.##.##.# *
* ###.##.##.#, ≈ ,
....$....#,** * * ≈
, , ........# # # *
#.##.##.#.##.##
#.##.##@#......
#...gg......... ,
#.##.##.###....*
#†##....# .... *
#)####..###... ,*
#............., ,
#.(.......#.##, *
#...#.....#.#* ,
,.#####.....÷...#.#


You could see 2 gnolls.

Vanquished Creatures
  Grinder (D:3)
  Eustachio (D:5)
  A centaur zombie (D:4)
  A hound (D:2)
  An orc priest (D:4)
  2 orc wizards
  An iguana (D:4)
  A worker ant (D:2)
  A gnoll (D:5)
  A howler monkey skeleton (D:4)
  7 adders
  2 oozes
  A worm (D:2)
  A dart slug (D:1)
  3 orcs (D:3)
  A ball python (D:3)
  7 giant cockroaches
  4 goblins
  4 hobgoblins
  8 jackals (D:4)
  5 kobolds
  4 quokkas
  7 bats
  6 frilled lizards
  8 rats
79 creatures vanquished.

Notes
Turn   | Place    | Note
-------+----------+-------------------------------------------
     0 | D:1      | zazu2006 the Deep Dwarf Necromancer began the quest for the
                  | Orb.
     0 | D:1      | Reached XP level 1. HP: 15/15 MP: 3/3
   156 | D:1      | Reached XP level 2. HP: 19/22 MP: 0/4
   316 | D:1      | Reached skill level 5 in Necromancy
   641 | D:1      | Reached XP level 3. HP: 22/28 MP: 2/6
   646 | D:1      | Learned a level 3 spell: Vampiric Draining
   892 | D:2      | Reached XP level 4. HP: 14/36 MP: 0/8
  1048 | D:2      | Found an opulent altar of Gozag.
  1544 | D:2      | Found a burning altar of Makhleb.
  1854 | D:3      | Noticed Grinder
  1937 | D:3      | Reached XP level 5. HP: 37/42 MP: 7/9
  2234 | D:3      | Killed Grinder
  2234 | D:3      | Reached skill level 5 in Stealth
  2234 | D:3      | Reached XP level 6. HP: 46/50 MP: 4/11
  3164 | D:4      | Reached skill level 6 in Necromancy
  3248 | D:4      | Found Riub's Antique Armour Shoppe.
  3598 | D:4      | Found a sacrificial altar of Ru.
  3915 | D:5      | Entered Level 5 of the Dungeon
  3921 | D:5      | Noticed Eustachio
  3941 | D:5      | Killed Eustachio
  3941 | D:5      | Reached skill level 1 in Fighting
  3941 | D:5      | Reached skill level 1 in Armour
  3941 | D:5      | Reached XP level 7. HP: 38/57 MP: 0/13
  4142 | D:5      | Slain by a gnoll

Levels and vault maps discovered:
D:1:      sevenhm_arrival_forest_fort_small_3, layout_basic
D:2:      layout_loops_ring, grunt_gozag_breadcrumbs, minmay_misc_feat_rows,
          makhleb_heckhound_becter
D:3:      layout_loops_cross, first_ration, kennysheep_pointless_box,
          minmay_misc_feat_tower, uniq_grinder
D:4:      layout_cave_pods, kennysheep_little_box, serial_shops, shop
D:5:      layout_loops_ring, chequers_big_river, uniq_eustachio

Skill      XL: |  1  2  3  4  5  6 |
---------------+-------------------+-----
Spellcasting   | 2 3 4 |  4.1
Necromancy     | 5 6 |  6.4
Stealth        | 3 5 |  5.7
Dodging        | 3 |  3.3
Fighting       | 1 |  1.1
Armour         | 1 |  1.7
Evocations     | |  0.5

Action                   |  1- 3 |  4- 6 |  7- 9 || total
-------------------------+-------+-------+-------++-------
Melee: Unarmed           |    24 |       |       ||    24
       Short sword       |    19 |       |       ||    19
       Falchion          |       |   114 |    13 ||   127
 Cast: Pain              |    42 |     6 |     2 ||    50
       Vampiric Draining |     6 |    28 |     7 ||    41
Evoke: Wand              |       |     3 |       ||     3
 Stab: Sleeping          |     3 |     8 |       ||    11
       Paralysed         |       |    14 |       ||    14
  Eat: Chunk             |     1 |    12 |     2 ||    15
Armor: Robe              |    15 |     9 |       ||    24
       Leather armour    |       |    17 |     2 ||    19
Dodge: Dodged            |    33 |    99 |    23 ||   155
       Rpst.: Falchion   |       |    31 |     7 ||    38
